 Dungeon Crawl Stone Soup version 0.29-a0-1052-g6990b1bffc (webtiles) character file.

Game seed: 15163965109902644833

20661 Zeldest the Martial Artist (level 12, -13/97 HPs)
             Began as a Demonspawn Monk on Aug 18, 2022.
             Mangled by an azure jelly (33 damage)
             ... on level 4 of the Lair of Beasts.
             The game lasted 00:27:32 (16609 turns).

Zeldest the Martial Artist (Demonspawn Monk)       Turns: 16609, Time: 00:27:33

Health: -13/97     AC: 17    Str: 16    XL:     12   Next: 47%
Magic:  13/13      EV: 14    Int: 12    God:
Gold:   2231       SH: 10    Dex: 16    Spells: 11/11 levels left

rFire   . . .      SeeInvis .     - Unarmed
rCold   . . .      Faith    .   E - +0 kite shield
rNeg    . . .      Spirit   .   a - +0 plate armour
rPois   .          Reflect  .   y - +0 helmet
rElec   .          Harm     .   p - +0 cloak
rCorr   .          Rampage  .   A - +0 pair of gloves
Will    +....                   (no boots)
Stlth   ..........              B - amulet of the acrobat
HPRegen 0.26/turn               J - +4 ring of evasion
MPRegen 0.13/turn               j - ring of willpower

@: mighty
A: demonic guardian 2, sturdy frame 3, weakness stinger 1, fangs 1, high MP 1,
wild magic 1, noise suppression
a: no special abilities


You were on level 4 of the Lair of Beasts.
You visited 3 branches of the dungeon, and saw 16 of its levels.

You collected 2275 gold pieces.
You spent 44 gold pieces at shops.

Inventory:

Hand Weapons
 D - a +2 dagger of chaos
Missiles
 F - 3 throwing nets (quivered)
Armour
 a - a +0 plate armour (worn)
 l - a +1 leather armour of poison resistance
 p - a +0 cloak (worn)
 y - a +0 helmet (worn)
 A - a +0 pair of gloves (worn)
 E - a +0 kite shield (worn)
Jewellery
 f - a ring of resist corrosion
 h - a ring of protection from fire
 j - a ring of willpower (right hand)
 k - a ring of ice
 q - a ring of wizardry
 B - an amulet of the acrobat (around neck)
 J - a +4 ring of evasion (left hand)
Wands
 w - a wand of flame (4)
 x - a wand of charming (9)
Scrolls
 c - 4 scrolls of amnesia
 e - 2 scrolls of teleportation
 i - 5 scrolls of vulnerability
 m - 10 scrolls of noise
 o - a scroll of torment
 s - a scroll of fear
 t - a scroll of blinking {unknown}
 u - a scroll of magic mapping
 G - a scroll of poison {unknown}
 H - 2 scrolls of enchant armour {unknown}
 I - a scroll of immolation {unknown}
Potions
 b - 5 potions of ambrosia
 d - 2 potions of attraction
 g - a potion of curing
 n - 3 potions of might
 r - a potion of berserk rage
 v - 2 potions of lignification
 z - 3 potions of flight
 C - a potion of magic


   Skills:
 + Level 9.7 Fighting
 + Level 8.4 Armour
 + Level 8.1 Dodging
 - Level 1.7 Stealth
 + Level 5.3 Shields
 * Level 12.3 Unarmed Combat


You had 11 spell levels left.
You didn't know any spells.
Your spell library contained the following spells:

 Spells                   Type           Power      Damage    Failure   Level
 Poisonous Vapours        Pois/Air       0%         N/A       100%        2
 Corpse Rot               Necr/Pois/Air  0%         N/A       100%        4


Dungeon Overview and Level Annotations

Branches:
Dungeon (11/15)            Temple (1/1) D:6            Lair (4/5) D:11
 Shoals (0/4) Lair:3        Slime (0/5) Lair:4          Orc (0/2) D:10
  Snake: Lair:2-3    Spider: Lair:2-3

Altars:
Ashenzari
Cheibriados
Dithmenos
Fedhas
Hepliaklqana
Kikubaaqudgha
Makhleb
Nemelex Xobeh
Okawaru
Qazlal
Ru
Sif Muna
Vehumet
Wu Jian
Xom
Yredelemnul

Shops:
D:1 *   D:2 *??   D:7 (

Annotations:
D:5 2 transporters, frimble's ghost, novice DsEE
Lair:1 Grum


Innate Abilities, Weirdness & Mutations

A demonic guardian rushes to your aid.
Your movements are significantly less encumbered by armour. (ER -6)
You have a small tail.
You have very sharp teeth.
You have an increased reservoir of magic. (+10% MP)
Your spells are a little harder to cast, but a little more powerful.
You passively dampen the noise of your surroundings.


Message History

The five-headed hydra closely misses you.
The five-headed hydra bites you but does no damage.
The five-headed hydra bites you.
The five-headed hydra bites you but does no damage.
You block the five-headed hydra's attack.
You punch the five-headed hydra!
You kill the five-headed hydra!
Your hellwing disappears in a puff of smoke!
Found a runed translucent door.
Found a staircase to the Slime Pits.
The azure jelly quivers. x2
You start resting.
The azure jelly jiggles. x6
HP restored.
Okay, then.
Okay, then.
Found a scale mail.
Okay, then.
It was a potion of cancellation.
You feel magically purged.
You feel very mighty all of a sudden.
You open the door. You closely miss the azure jelly.
You tail-slap the azure jelly!
The azure jelly is lightly wounded.
The azure jelly hits you. The azure jelly freezes you!!
You block the azure jelly's attack. x2; The azure jelly hits you.
You pummel the azure jelly!! You bite the azure jelly.
The azure jelly is moderately wounded.
The azure jelly hits you. The azure jelly freezes you!!!
* * * LOW HITPOINT WARNING * * *
The azure jelly hits you but does no damage.
The azure jelly hits you.
* * * LOW HITPOINT WARNING * * *
The azure jelly hits you but does no damage.
You punch the azure jelly!
The azure jelly is heavily wounded.
The azure jelly hits you but does no damage.
The azure jelly hits you.
* * * LOW HITPOINT WARNING * * *
The azure jelly freezes you!!
You die...

*,,,,,,,,*,,,,,,,,,*,,*,
**#.,#[..,,,,,,,,,,,**,***
*.#..#.P..,,,,,,,,,,*,,,,*
*....#...##,,,,,,,,,**,,,*
*,#........,,,...,,,,*****
**#.......#####......,,,,,
##.......#...#......,,,,,
*........J..>#.....,,,,,,
**,..#..@#J..#..#.#+#***,
*,,#.#.######...#..## **
*,,*#.....##....##..###
#,,*#.....##....#.....##
#.,##.....##....##......
##..#......##...†#.....#.
#...........#...#.†##..##
#..........##...#########
#...###.####.....##..####


You could see 2 azure jellies.

Vanquished Creatures
  Harold (D:10)
  Erolcha (D:11)
  A two-headed ogre (D:9)
  2 hydras
  Urug (D:10)
  A black mamba (Lair:4)
  A gargoyle (D:10)
  A torpor snail (Lair:2)
  An unseen horror (D:9)
  6 komodo dragons
  Psyche (D:11)
  A polar bear (Lair:3)
  2 shadows
  2 wraiths
  4 wyverns
  Eustachio (D:3)
  22 yaks
  Edmund (D:4)
  2 steam dragons
  3 vampire mosquitoes (D:11)
  5 water moccasins
  An orc warrior (D:7)
  Pargi (D:4)
  2 black bears
  3 sky beasts
  5 wolves
  An ogre (D:7)
  2 centaurs
  4 kobold brigands
  A necrophage (D:7)
  5 scorpions (D:6)
  5 bullfrogs
  A gnoll sergeant (D:9)
  13 wights
  10 killer bees
  3 howler monkeys
  3 electric eels (D:10)
  3 hounds
  3 jellies
  5 orc priests
  6 iguanas
  6 orc wizards
  13 gnolls
  9 adders
  3 shadow imps
  3 ufetubi
  4 worms
  5 dart slugs
  20 orcs
  9 bats
  3 endoplasms
  3 giant cockroaches
  7 goblins
  8 hobgoblins
  10 kobolds
  7 quokkas
  6 ball pythons
  5 frilled lizards
  5 rats
263 creatures vanquished.

Vanquished Creatures (collateral kills)
  A boulder beetle (D:11)
  A gargoyle (D:9)
  Maggie (D:8)
  2 komodo dragons
  A hornet (D:9)
  4 yaks
  A wyvern (D:9)
  A steam dragon (D:9)
  6 orc warriors
  A gnoll sergeant (D:8)
  A bullfrog (Lair:1)
  6 wights
  4 killer bees
  A hound (D:4)
  2 orc priests (D:10)
  A gnoll bouda (D:4)
  An orc wizard (D:8)
  3 gnolls
  An adder (D:3)
  A worm (D:3)
  11 orcs
  A goblin (D:3)
  A bat (D:3)
53 creatures vanquished.

Vanquished Creatures (others)
  A water moccasin (D:11)
  A wight (D:7)
  2 orcs (D:10)
  42 fungi
  58 plants
104 creatures vanquished.

Grand Total: 420 creatures vanquished

Notes
Turn   | Place    | Note
-------+----------+-------------------------------------------
     0 | D:1      | Zeldest the Demonspawn Monk began the quest for the Orb.
     0 | D:1      | Reached XP level 1. HP: 18/18 MP: 1/1
   140 | D:1      | Found a faded altar of an unknown god.
   173 | D:1      | Reached skill level 3 in Unarmed Combat
   173 | D:1      | Gained mutation: Your movements are slightly less
                  | encumbered by armour. (ER -2) [demonic ancestry]
   173 | D:1      | Reached XP level 2. HP: 23/24 MP: 2/2
   210 | D:1      | Found Juzaoz's General Store.
   366 | D:2      | Found Zoyl's Magic Scroll Shoppe.
   418 | D:2      | Reached skill level 1 in Armour
   423 | D:2      | Gained mutation: A weak demonic guardian rushes to your
                  | aid. [demonic ancestry]
   423 | D:2      | Reached XP level 3. HP: 28/29 MP: 3/3
   741 | D:2      | Found Plog's Assorted Antiques.
   752 | D:2      | Bought a scroll labelled GEEMUXOJAO for 22 gold pieces
   752 | D:2      | Bought a scroll labelled GEEMUXOJAO for 22 gold pieces
   756 | D:2      | Gained mutation: You have hidden genetic potential. [potion
                  | of mutation]
   756 | D:2      | Gained mutation: Your spells are a little harder to cast,
                  | but a little more powerful. [potion of mutation]
   756 | D:2      | Gained mutation: You have an increased reservoir of magic.
                  | (+10% MP) [potion of mutation]
   756 | D:2      | Gained mutation: You are agile. (Dex +4, Str/Int -1)
                  | [potion of mutation]
   809 | D:2      | Found Hug Fuch's Magic Scroll Emporium.
  1202 | D:3      | Reached XP level 4. HP: 29/35 MP: 4/4
  1448 | D:3      | Gained mutation: You have very sharp teeth. [hidden
                  | potential]
  1550 | D:3      | Found a faded altar of an unknown god.
  1614 | D:3      | Reached skill level 4 in Unarmed Combat
  1687 | D:3      | Found a shimmering altar of Xom.
  1873 | D:4      | Gained mutation: Your movements are less encumbered by
                  | armour. (ER -4) [demonic ancestry]
  1873 | D:4      | Reached XP level 5. HP: 25/42 MP: 5/5
  1995 | D:4      | Noticed Pargi
  2015 | D:4      | Killed Pargi
  2031 | D:4      | Gained mutation: Your spells are harder to cast, but more
                  | powerful. [hidden potential]
  2031 | D:4      | Lost mutation: You have hidden genetic potential. [hidden
                  | potential expressed]
  2210 | D:4      | Noticed Edmund
  2225 | D:4      | Killed Edmund
  2226 | D:4      | Reached skill level 5 in Unarmed Combat
  2226 | D:4      | Reached XP level 6. HP: 49/49 MP: 6/6
  2611 | D:4      | Noticed Eustachio
  2661 | D:5      | Entered Level 5 of the Dungeon
  2674 | D:5      | Found a transporter.
  2674 | D:5      | Found a transporter.
  2674 | D:5      | Noticed frimble's ghost (novice DsEE)
  2957 | D:5      | Gained mutation: Your movements are significantly less
                  | encumbered by armour. (ER -6) [demonic ancestry]
  2957 | D:5      | Reached XP level 7. HP: 55/55 MP: 7/7
  3256 | D:5      | Found a hazy altar of Hepliaklqana.
  3670 | D:4      | Reached skill level 5 in Fighting
  3674 | D:4      | Reached skill level 6 in Unarmed Combat
  4605 | D:3      | Killed Eustachio
  5445 | D:6      | Gained mutation: A demonic guardian rushes to your aid.
                  | [demonic ancestry]
  5445 | D:6      | Reached XP level 8. HP: 49/63 MP: 8/8
  6027 | D:6      | Reached skill level 7 in Unarmed Combat
  6425 | D:6      | Found a staircase to the Ecumenical Temple.
  6447 | Temple   | Entered the Ecumenical Temple
  6827 | D:6      | Found a burning altar of Makhleb.
  6835 | D:6      | Gained mutation: You have a small tail. [demonic ancestry]
  6835 | D:6      | Reached XP level 9. HP: 69/69 MP: 9/9
  7241 | D:7      | Reached skill level 5 in Armour
  7446 | D:7      | Reached skill level 8 in Unarmed Combat
  7469 | D:7      | HP: 2/71 [poisoned by a killer bee]
  8099 | D:7      | Found Foenofow's Antique Weapon Shoppe.
  8108 | D:7      | Reached skill level 5 in Dodging
  8604 | D:8      | Reached skill level 9 in Unarmed Combat
  8656 | D:8      | Noticed Maggie
  8671 | D:8      | Killed Maggie
  8672 | D:8      | Reached XP level 10. HP: 70/79 MP: 11/11
  8705 | D:8      | Found a stormy altar of Qazlal.
  9766 | D:9      | Found a shimmering blue altar of Sif Muna.
  9810 | D:9      | Reached skill level 1 in Shields
 10244 | D:9      | Noticed a two-headed ogre
 10261 | D:9      | Killed a two-headed ogre
 10421 | D:9      | Noticed a gargoyle
 10432 | D:9      | Reached skill level 10 in Unarmed Combat
 10450 | D:9      | Killed a gargoyle
 11210 | D:9      | Reached XP level 11. HP: 60/87 MP: 12/12
 11777 | D:10     | Entered Level 10 of the Dungeon
 11816 | D:10     | Lost mutation: You are agile. (Dex +4, Str/Int -1) [potion
                  | of mutation]
 11816 | D:10     | Lost mutation: Your spells are harder to cast, but more
                  | powerful. [potion of mutation]
 11816 | D:10     | Gained mutation: You passively dampen the noise of your
                  | surroundings. [potion of mutation]
 12371 | D:10     | Noticed Urug
 12384 | D:10     | Killed Urug
 12896 | D:9      | Identified 2 scrolls of acquirement
 12896 | D:9      | Acquired 1074 gold pieces
 12898 | D:9      | Acquired 636 gold pieces
 13085 | D:10     | Found a staircase to the Orcish Mines.
 13480 | D:10     | Noticed Harold
 13485 | D:10     | Paralysed by a hornet for 1 turns
 13513 | D:10     | Killed Harold
 13514 | D:10     | Reached skill level 11 in Unarmed Combat
 14287 | D:11     | Noticed Erolcha
 14295 | D:11     | Killed Erolcha
 14326 | D:11     | Noticed Psyche
 14332 | D:11     | Killed Psyche
 14407 | D:11     | Noticed an eight-headed hydra
 14454 | D:11     | Found a staircase to the Lair.
 14899 | Lair:1   | Entered Level 1 of the Lair of Beasts
 14899 | Lair:1   | Noticed a boulder beetle
 14948 | D:11     | Killed a boulder beetle
 15263 | Lair:1   | Reached XP level 12. HP: 42/95 MP: 13/13
 15480 | Lair:1   | Noticed Grum
 15839 | Lair:3   | Found a staircase to the Shoals.
 16111 | Lair:3   | Noticed a four-headed hydra
 16118 | Lair:3   | Killed a four-headed hydra
 16119 | Lair:3   | Reached skill level 5 in Shields
 16119 | Lair:3   | Reached skill level 12 in Unarmed Combat
 16399 | Lair:3   | Noticed a boulder beetle
 16468 | Lair:4   | Noticed a five-headed hydra
 16475 | Lair:4   | Killed a five-headed hydra
 16490 | Lair:4   | Found a runed translucent door.
 16491 | Lair:4   | Found a staircase to the Slime Pits.
 16491 | Lair:4   | Noticed an azure jelly
 16491 | Lair:4   | Noticed an azure jelly
 16609 | Lair:4   | Mangled by an azure jelly

Illustrated notes

Levels and vault maps discovered:
D:1:      noname_arrival_rooms_in_the_neighbourhood, layout_basic, serial_shops,
          nicolae_shop_hallway_plus, nicolae_ecumenical_lake_church
D:2:      cheibrodos_helix_gallery, layout_basic, serial_shops, shop, shop,
          shop_scrolls
D:3:      minmay_wonky_spiral, layout_rooms, nicolae_overflow_ecumenical_swirl,
          uniq_crazy_yiuf_cottage
D:4:      layout_cave_pools, minmay_cut_off, uniq_edmund, uniq_pargi,
          uniq_eustachio
D:5:      layout_loops_ring, general_overflow_altar, gammafunk_ghost_hive,
          minivault_14
D:6:      layout_basic, makhleb_heckhound_becter, minmay_temple_entry_wispy,
          minmay_misc_feat_hallway, st_stairs_4
D:7:      layout_basic, enter_bailey_7, serial_shops, shop, nicolae_sextant,
          minmay_strange_pillars, minmay_unpleasant_kobolds
D:8:      layout_basic, zin_scriptorium, nicolae_qazlal_eye_of_the_storm,
          uniq_maggie
D:9:      layout_loops_corners, nicolae_overflow_hidden_temple,
          hangedman_corner_corridor
D:10:     layout_long_grid, tso_altar, erik_orc_2, uniq_urug, uniq_harold
D:11:     layout_basic, due_lair_maze_entry_diamond, uniq_erolcha, uniq_psyche
Temple:   nicolae_temple_great_sept
Lair:1:   dragon1_lemuel, layout_cave_shapes, uniq_sonja, uniq_grum
Lair:2:   layout_chaotic_city, minmay_snake_entry_guardpost_small,
          ldierk_geyser, lemuel_centaur_altar, infiniplex_staircase_pool_2
Lair:3:   nzn_winding_woodlands_cross [nzn_winding_woodlands_5x15_cabin,
          nzn_winding_woodlands_5x15_jagged,
          nzn_winding_woodlands_5x15_sidewinder,
          nzn_winding_woodlands_5x15_concentric,
          nzn_winding_woodlands_15x15_eel_pit], layout_cave_shapes,
          minmay_shoals_entry_centaurs, serial_bayou_shore_a, uniq_amaemon
Lair:4:   layout_regular_city, slime_entry_2, chequers_serial_rivers_micro_e,
          beast_lair_carwin_1, grunt_megastairs_1, lemuel_fruit_fields

Skill      XL: |  1  2  3  4  5  6  7  8  9 10 11 12 |
---------------+-------------------------------------+-----
Unarmed Combat | 3 4 5 6 7 9 10 11 12 | 12.3
Armour         | 1 2 3 4 6 7 8 |  8.4
Fighting       | 4 5 6 7 8 9 |  9.7
Dodging        | 3 4 5 6 7 8 |  8.1
Shields        | 2 4 5 |  5.3
Stealth        | |  1.7

Action                   |  1- 3 |  4- 6 |  7- 9 | 10-12 || total
-------------------------+-------+-------+-------+-------++-------
Melee: Unarmed           |   138 |   184 |   551 |   710 ||  1583
       Punch             |     6 |     7 |    26 |     6 ||    45
       Bite              |       |    19 |    72 |   106 ||   197
       Tailslap          |       |       |    39 |   132 ||   171
Throw: Throwing net      |       |       |       |     1 ||     1
Evoke: Wand              |       |       |     3 |     5 ||     8
  Use: Scroll            |     5 |       |       |    17 ||    22
       Potion            |     2 |     2 |     5 |     8 ||    17
 Stab: Sleeping          |     2 |     8 |       |       ||    10
       Distracted        |       |       |     1 |     2 ||     3
       Betrayed ally     |       |       |       |     1 ||     1
       Held in net/web   |       |       |       |     2 ||     2
Armor: Robe              |     6 |       |       |       ||     6
       Ring mail         |    70 |    67 |    14 |       ||   151
       Skin              |       |    15 |    42 |    16 ||    73
       Plate armour      |       |       |   247 |   222 ||   469
Dodge: Dodged            |   119 |   104 |   261 |   286 ||   770
Block: Kite shield       |       |       |       |   287 ||   287

Table legend: (Time is in decaauts)
 A = Elapsed time spent in this place.
 B = Non-inter-level travel time spent in this place.
 C = Inter-level travel time spent in this place.
 D = Time resting spent in this place.
 E = Time spent auto-exploring this place.
 F = Levels seen in this place.
 G = Mean time per level.
                   A        B        C        D        E       F      G
               +--------+--------+--------+--------+--------+-----+--------+
         Total |  16493 |  16088 |    405 |   7222 |   5140 |  16 | 1030.8 |
       Dungeon |  15064 |  14675 |    389 |   6317 |   5098 |  11 | 1369.5 |
        Temple |     50 |     43 |      7 |      0 |     35 |   1 |   50.0 |
          Lair |   1378 |   1369 |      9 |    905 |      7 |   4 |  344.5 |
               +--------+--------+--------+--------+--------+-----+--------+

Top non-repeatable levels by time:
     D:9: 2760 daAuts
    D:10: 1978 daAuts
     D:6: 1878 daAuts
     D:4: 1443 daAuts
     D:7: 1336 daAuts
     D:5: 1113 daAuts
     D:3: 1106 daAuts
    D:11: 1075 daAuts
     D:8: 820 daAuts
     D:1: 807 daAuts
     D:2: 743 daAuts
  Lair:3: 579 daAuts
  Lair:2: 325 daAuts
  Lair:1: 268 daAuts
  Lair:4: 206 daAuts
